SL
PHILADELPHIA 1776 BC @ NEW AMSTERDAM DUTCHMEN
08/19/2032
 
TOP OF THE 1ST
Philadelphia 1776 BC batting - Pitching for New Amsterdam Dutchmen : LHP José Flores
Pitching: LHP José Flores
Batting: RHB Mario Castillo 0-0: Ball
1-0: Ball
2-0: Called Strike
2-1: Ball
3-1: Base on Balls
Batting: RHB Eddie Sachs 0-0: Called Strike
0-1: Ball
1-1: Ball
2-1: Foul Ball, location: 2F
2-2: Ball
3-2: Fly out, F7 (Flyball, 7)
Batting: RHB Karl Blanke 0-0: Ball
1-0: Fly out, F8 (Flyball, 8RS)
Batting: RHB Phil Moore 0-0: Ball
1-0: Ball
2-0: Ball
3-0: Called Strike
3-1: Ground out 4-3 (Groundball, 4)
Top of the 1st over - 0 runs, 0 hits, 0 errors, 1 left on base; Philadelphia 1776 0 - New Amsterdam 0
BOTTOM OF THE 1ST
New Amsterdam Dutchmen batting - Pitching for Philadelphia 1776 BC : RHP Bill Tugwell
Pitching: RHP Bill Tugwell
Batting: LHB Takayuki Yoshikawa 0-0: Ball
1-0: Called Strike
1-1: Called Strike
1-2: Ground out 4-3 (Groundball, 4M)
Batting: LHB Carlos Campos 0-0: Swinging Strike
0-1: Called Strike
0-2: Ground out 4-3 (Groundball, 4)
Batting: RHB António Martínez 0-0: Called Strike
0-1: Called Strike
0-2: Strikes out swinging
Bottom of the 1st over - 0 runs, 0 hits, 0 errors, 0 left on base; Philadelphia 1776 0 - New Amsterdam 0
TOP OF THE 2ND
Philadelphia 1776 BC batting - Pitching for New Amsterdam Dutchmen : LHP José Flores
Batting: LHB Manoo Satyavrat 0-0: Ball
1-0: Foul Ball, location: 2F
1-1: Foul Ball, location: 2F
1-2: Ball
2-2: Foul Ball, location: 2F
2-2: Foul Ball, location: 2F
2-2: Foul Ball, location: 2F
2-2: Ball
3-2: Base on Balls
Batting: RHB Kevin Malone 0-0: Ball
1-0: Grounds into double play, 6-4-3 (Groundball, 6)
Batting: SHB Sam Quint 0-0: Ball
1-0: Ground out 3-1 (Groundball, 34)
Top of the 2nd over - 0 runs, 0 hits, 0 errors, 0 left on base; Philadelphia 1776 0 - New Amsterdam 0
BOTTOM OF THE 2ND
New Amsterdam Dutchmen batting - Pitching for Philadelphia 1776 BC : RHP Bill Tugwell
Batting: LHB SaQwan Hackett 0-0: Called Strike
0-1: Ball
1-1: Ball
2-1: Ball
3-1: SINGLE (Flyball, 89S)
Batting: LHB Rafael Sánchez 0-0: Ball
1-0: 2-RUN HOME RUN (Flyball, 9D), Distance : 377 ft
Batting: LHB Félix López 0-0: Ball
1-0: Ball
2-0: Swinging Strike
2-1: Swinging Strike
2-2: Strikes out swinging
Batting: RHB Chi-ju Zhang 0-0: Ground out 4-3 (Groundball, 4)
Batting: LHB Sal Bradshaw 0-0: Ball
1-0: Foul Ball, location: 2F
1-1: Swinging Strike
1-2: Foul Ball, location: 2F
1-2: Ball
2-2: Ball
3-2: Strikes out looking
Bottom of the 2nd over - 2 runs, 2 hits, 0 errors, 0 left on base; Philadelphia 1776 0 - New Amsterdam 2
TOP OF THE 3RD
Philadelphia 1776 BC batting - Pitching for New Amsterdam Dutchmen : LHP José Flores
Batting: RHB Kent Summey 0-0: Ground out 5-3 (Groundball, 56S)
Batting: LHB Kelvin Abbott 0-0: Called Strike
0-1: Ball
1-1: Ground out 4-3 (Groundball, 4)
Batting: RHB Mario Castillo 0-0: Ground out 6-3 (Groundball, 6D)
Top of the 3rd over - 0 runs, 0 hits, 0 errors, 0 left on base; Philadelphia 1776 0 - New Amsterdam 2
BOTTOM OF THE 3RD
New Amsterdam Dutchmen batting - Pitching for Philadelphia 1776 BC : RHP Bill Tugwell
Batting: RHB David Pérez 0-0: Ball
1-0: Ball
2-0: Ball
3-0: Fly out, F8 (Flyball, 8LS)
Batting: LHB Takayuki Yoshikawa 0-0: Swinging Strike
0-1: Ball
1-1: Ground out 5-3 (Groundball, 5)
Batting: LHB Carlos Campos 0-0: Foul Ball, location: 2F
0-1: Ground out 3-1 (Groundball, 34)
Bottom of the 3rd over - 0 runs, 0 hits, 0 errors, 0 left on base; Philadelphia 1776 0 - New Amsterdam 2
TOP OF THE 4TH
Philadelphia 1776 BC batting - Pitching for New Amsterdam Dutchmen : LHP José Flores
Batting: RHB Eddie Sachs 0-0: Reached on error, E8 (Flyball, 8RD)
Batting: RHB Karl Blanke 0-0: Called Strike
0-1: Called Strike
0-2: Ball
1-2: Strikes out swinging
Batting: RHB Phil Moore 0-0: Called Strike
0-1: Swinging Strike
0-2: Ball
1-2: Ball
Wild Pitch!
Eddie Sachs to third
2-2: Strikes out swinging
Batting: LHB Manoo Satyavrat 0-0: Swinging Strike
0-1: Swinging Strike
0-2: Foul Ball, location: 2F
0-2: Ball
1-2: Ball
2-2: Strikes out swinging
Top of the 4th over - 0 runs, 0 hits, 1 error, 1 left on base; Philadelphia 1776 0 - New Amsterdam 2
BOTTOM OF THE 4TH
New Amsterdam Dutchmen batting - Pitching for Philadelphia 1776 BC : RHP Bill Tugwell
Batting: RHB António Martínez 0-0: Foul Ball, location: 2F
0-1: Ball
1-1: Foul Ball, location: 2F
1-2: Ball
2-2: Strikes out swinging
Batting: LHB SaQwan Hackett 0-0: Called Strike
0-1: DOUBLE (Line Drive, 9D)
Batting: LHB Rafael Sánchez 0-0: Ball
1-0: Ball
2-0: Ball
3-0: Called Strike
3-1: Foul Ball, location: 2F
3-2: SINGLE (Groundball, 4D)
SaQwan Hackett to third
Runner from 3rd tries for Home, SAFE, no throw
Batting: LHB Félix López 0-0: Ball
1-0: Ball
2-0: Ball
3-0: Foul Ball, location: 2F
3-1: Foul Ball, location: 2F
Balk!
Rafael Sánchez to second
3-2: Strikes out looking
Batting: RHB Chi-ju Zhang 0-0: Ball
1-0: Fly out, F7 (Flyball, 7S)
Bottom of the 4th over - 1 run, 2 hits, 0 errors, 1 left on base; Philadelphia 1776 0 - New Amsterdam 3
TOP OF THE 5TH
Philadelphia 1776 BC batting - Pitching for New Amsterdam Dutchmen : LHP José Flores
Batting: RHB Kevin Malone 0-0: Called Strike
0-1: Called Strike
0-2: Ball
1-2: Ground out 3-1 (Groundball, 34)
Batting: SHB Sam Quint 0-0: Ball
1-0: Called Strike
1-1: Ball
2-1: Swinging Strike
2-2: Fly out, F9 (Flyball, 9S)
Batting: RHB Kent Summey 0-0: Swinging Strike
0-1: Swinging Strike
0-2: Ball
1-2: Strikes out swinging
Top of the 5th over - 0 runs, 0 hits, 0 errors, 0 left on base; Philadelphia 1776 0 - New Amsterdam 3
BOTTOM OF THE 5TH
New Amsterdam Dutchmen batting - Pitching for Philadelphia 1776 BC : RHP Bill Tugwell
Batting: LHB Sal Bradshaw 0-0: Foul Ball, location: 2F
0-1: Foul Ball, location: 2F
0-2: Foul Ball, location: 2F
0-2: Fly out, F3 (Popup, 3)
Batting: RHB David Pérez 0-0: Ball
1-0: Foul Ball, location: 2F
1-1: Ball
2-1: Foul Ball, location: 2F
2-2: DOUBLE (Line Drive, 9LS)
Batting: LHB Takayuki Yoshikawa 0-0: Ball
1-0: Called Strike
1-1: Ball
2-1: Ground out 4-3 (Groundball, 4)
David Pérez to third
Batting: LHB Carlos Campos 0-0: Called Strike
0-1: Ball
1-1: DOUBLE (Line Drive, 9LM)
David Pérez scores
Batting: RHB António Martínez 0-0: Ball
1-0: Called Strike
1-1: Fly out, F8 (Flyball, 8RM)
Bottom of the 5th over - 1 run, 2 hits, 0 errors, 1 left on base; Philadelphia 1776 0 - New Amsterdam 4
TOP OF THE 6TH
Philadelphia 1776 BC batting - Pitching for New Amsterdam Dutchmen : LHP José Flores
Batting: LHB Kelvin Abbott 0-0: Called Strike
0-1: Ball
1-1: Ball
2-1: Called Strike
2-2: Ball
3-2: Strikes out looking
Batting: RHB Mario Castillo 0-0: Reached on error, E4 (Popup, 4)
Batting: RHB Eddie Sachs 0-0: Ball
1-0: Foul Ball, location: 2F
1-1: Fly out, F8 (Flyball, 89XD)
Batting: RHB Karl Blanke 0-0: Ball
1-0: Called Strike
1-1: 2-RUN HOME RUN (Flyball, 7LD), Distance : 361 ft
Batting: RHB Phil Moore 0-0: Ball
1-0: Ball
2-0: Fly out, F9 (Flyball, 9S)
Top of the 6th over - 2 runs, 1 hit, 1 error, 0 left on base; Philadelphia 1776 2 - New Amsterdam 4
BOTTOM OF THE 6TH
New Amsterdam Dutchmen batting - Pitching for Philadelphia 1776 BC : RHP Bill Tugwell
Batting: LHB SaQwan Hackett 0-0: Called Strike
0-1: Ball
1-1: Foul Ball, location: 2F
1-2: Fly out, F3 (Line Drive, 3)
Batting: LHB Rafael Sánchez 0-0: Called Strike
0-1: Called Strike
0-2: Foul Ball, location: 2F
0-2: Ball
1-2: Foul Ball, location: 2F
1-2: Foul Ball, location: 2F
1-2: Ground out 4-3 (Groundball, 4)
Batting: LHB Félix López 0-0: Called Strike
0-1: Ball
1-1: Swinging Strike
1-2: Ball
2-2: Foul Ball, location: 2F
2-2: Ball
3-2: Strikes out looking
Bottom of the 6th over - 0 runs, 0 hits, 0 errors, 0 left on base; Philadelphia 1776 2 - New Amsterdam 4
TOP OF THE 7TH
Philadelphia 1776 BC batting - Pitching for New Amsterdam Dutchmen : LHP José Flores
Batting: LHB Manoo Satyavrat 0-0: Swinging Strike
0-1: Swinging Strike
0-2: Ball
1-2: Ball
2-2: Ball
3-2: Base on Balls
Batting: RHB Kevin Malone 0-0: Foul Ball, location: 2F
0-1: Called Strike
0-2: Strikes out swinging
Batting: SHB Sam Quint 0-0: Foul Ball, location: 2F
0-1: Foul Ball, location: 2F
0-2: Foul Ball, location: 2F
0-2: Ball
1-2: Reached on error, E4 (Groundball, 4)
Manoo Satyavrat to second
Batting: RHB Kent Summey 0-0: SINGLE (Line Drive, 3L)
Manoo Satyavrat to third
Sam Quint to second
Runner from 3rd tries for Home, SAFE, no throw
Batting: LHB Kelvin Abbott 0-0: Ball
1-0: Ball
2-0: Called Strike
2-1: Ball
3-1: Fielders Choice at 2nd, 4-6 (Groundball, 4)
Sam Quint to third
Batting: RHB Mario Castillo 0-0: Ball
1-0: Called Strike
1-1: Foul Ball, location: 2F
1-2: Strikes out looking
Top of the 7th over - 1 run, 1 hit, 1 error, 2 left on base; Philadelphia 1776 3 - New Amsterdam 4
BOTTOM OF THE 7TH
New Amsterdam Dutchmen batting - Pitching for Philadelphia 1776 BC : RHP Bill Tugwell
Batting: RHB Chi-ju Zhang 0-0: Called Strike
0-1: Foul Ball, location: 2F
0-2: Ball
1-2: SINGLE (Groundball, 56D)
Pinch Runner at 1st Marcos Deleón:
Batting: LHB Sal Bradshaw 0-0: Ball
1-0: Sac Bunt - play at first, batter OUT! 5-4
Marcos Deleón to second
Batting: RHB David Pérez 0-0: Fly out, F7 (Flyball, 7LS)
Pinch Hitting: RHB Jon Osterman 0-0: Ball
1-0: Called Strike
1-1: Ball
2-1: Ball
3-1: Base on Balls
Batting: LHB Carlos Campos 0-0: SINGLE (Groundball, 4D)
Marcos Deleón to third
Jon Osterman to second
Runner from 3rd tries for Home, SAFE, throw made at trailing runner, OUT at third!
Bottom of the 7th over - 1 run, 2 hits, 0 errors, 1 left on base; Philadelphia 1776 3 - New Amsterdam 5
TOP OF THE 8TH
Philadelphia 1776 BC batting - Pitching for New Amsterdam Dutchmen : LHP José Flores
Now in LF: Clay Rush
Now in CF: Jon Osterman
Batting: RHB Eddie Sachs 0-0: Called Strike
0-1: Ball
1-1: Ball
2-1: Foul Ball, location: 2F
2-2: Ball
3-2: Base on Balls
Batting: RHB Karl Blanke 0-0: Ball
1-0: Ball
2-0: Ball
3-0: Swinging Strike
3-1: Base on Balls
Eddie Sachs to second
Batting: RHB Phil Moore 0-0: Grounds into DOUBLE play, U5-4-3
0-0: Grounds into DOUBLE play, U5-4-3 (Groundball, 5L)
Batting: LHB Manoo Satyavrat 0-0: Called Strike
0-1: Foul Ball, location: 2F
0-2: Foul Ball, location: 2F
0-2: Ball
1-2: Foul Ball, location: 2F
1-2: Ground out 3-1 (Groundball, 3L)
Top of the 8th over - 0 runs, 0 hits, 0 errors, 1 left on base; Philadelphia 1776 3 - New Amsterdam 5
BOTTOM OF THE 8TH
New Amsterdam Dutchmen batting - Pitching for Philadelphia 1776 BC : RHP Bill Tugwell
Pitching: RHP Goodluck Obasanjo
Batting: RHB António Martínez 0-0: Ball
1-0: Called Strike
1-1: Ball
2-1: Ball
3-1: Foul Ball, location: 2F
3-2: Base on Balls
Batting: LHB SaQwan Hackett 0-0: Fly out, F9 (Flyball, 9D)
Batting: LHB Rafael Sánchez 0-0: Ball
1-0: Ball
2-0: Ball
3-0: Base on Balls
António Martínez to second
Batting: LHB Félix López 0-0: Ball
1-0: Called Strike
1-1: Called Strike
1-2: Strikes out swinging
Batting: LHB Clay Rush 0-0: Ball
1-0: Called Strike
1-1: Foul Ball, location: 2F
1-2: Strikes out swinging
Bottom of the 8th over - 0 runs, 0 hits, 0 errors, 2 left on base; Philadelphia 1776 3 - New Amsterdam 5
TOP OF THE 9TH
Philadelphia 1776 BC batting - Pitching for New Amsterdam Dutchmen : LHP José Flores
Batting: RHB Kevin Malone 0-0: Foul Ball, location: 2F
0-1: Foul Ball, location: 2F
0-2: Ball
1-2: Strikes out swinging
Batting: SHB Sam Quint 0-0: Ball
1-0: Ball
2-0: Called Strike
2-1: Ball
3-1: Base on Balls
Pitching: RHP WyDale Curry
Pinch Hitting: LHB José Rodríguez 0-0: Foul Ball, location: 2F
0-1: Called Strike
0-2: Ball
1-2: Strikes out swinging
Batting: LHB Kelvin Abbott 0-0: Called Strike
0-1: Called Strike
0-2: Foul Ball, location: 2F
0-2: Ball
1-2: Ball
2-2: SINGLE (Line Drive, 4MD)
Sam Quint to second
Batting: RHB Mario Castillo 0-0: Fly out, F7 (Flyball, 78M)
Top of the 9th over - 0 runs, 1 hit, 0 errors, 2 left on base; Philadelphia 1776 3 - New Amsterdam 5
Wednesday, September 19th, 2018 - OOTP Baseball 18.8 Build 76